 Dungeon Crawl Stone Soup version 0.28-a0-1348-g050f3537b9 (webtiles) character file.

Game seed: 12959016508852953089

14 Cheeritup the Grave Robber (level 2, -1/15 HPs)
             Began as a Deep Elf Necromancer on Dec 30, 2021.
             Slain by a jackal (2 damage)
             ... on level 2 of the Dungeon.
             The game lasted 00:02:13 (868 turns).

Cheeritup the Grave Robber (Deep Elf Necromancer)    Turns: 868, Time: 00:02:14

Health: -1/15      AC:  8    Str:  5    XL:     2   Next: 27%
Magic:  8/8        EV:  9    Int: 19    God:
Gold:   27         SH:  0    Dex: 15    Spells: 6/8 levels left

rFire   . . .      SeeInvis .   e - staff of cold
rCold   + . .      Faith    .   (no shield)
rNeg    . . .      Spirit   .   c - +3 ring mail
rPois   .          Reflect  .   (no helmet)
rElec   .          Harm     .   (no cloak)
rCorr   .          Rampage  .   (no gloves)
Will    .....                   (no boots)
Stlth   ++........              (no amulet)
HPRegen 0.05/turn               (no ring)
MPRegen 0.11/turn               (no ring)

@: no status effects
A: no striking features
a: no special abilities


You were on level 2 of the Dungeon.
You visited 1 branch of the dungeon, and saw 2 of its levels.

You collected 27 gold pieces.

Inventory:

Armour
 a - a +0 robe
 c - a +3 ring mail (worn)
Magical Staves
 e - a staff of cold (weapon)
Scrolls
 b - a scroll of silence {unknown}
Potions
 d - 2 potions of lignification {unknown}


   Skills:
 - Level 2.5 Dodging
 - Level 2.6 Stealth
 + Level 3.7 Spellcasting
 - Level 5.0 Necromancy


You had 6 spell levels left.
You knew the following spells:

 Your Spells              Type           Power      Damage    Failure   Level
a - Pain                  Necr           88%        1d8       9%          1
b - Animate Skeleton      Necr           44%        N/A       9%          1

Your spell library contained the following spells:

 Spells                   Type           Power      Damage    Failure   Level
 Sublimation of Blood     Necr           22%        N/A       13%         2
 Vampiric Draining        Necr           22%        2d7       26%         3
 Animate Dead             Necr           11%        N/A       65%         4
 Agony                    Necr           22%        N/A       94%         5
 Petrify                  Tmut/Erth      3%         N/A       100%        4
 Irradiate                Conj/Tmut      1%         3d13      100%        5


Dungeon Overview and Level Annotations

Branches:
Dungeon (2/15)

Altars:


Message History

The hobgoblin hits you but does no damage.
The jackal bites you but does no damage.
The hobgoblin hits you.
* * * LOW HITPOINT WARNING * * *
The bat hits you but does no damage.
The jackal bites you but does no damage.
The hobgoblin closely misses you.
Things that are here:
a +0 dagger; 2 stones The bat hits you but does no damage.
The jackal bites you but does no damage.
The bat barely misses you.
The hobgoblin hits you but does no damage.
The bat barely misses you. The bat hits you but does no damage.
The bat barely misses you. The bat barely misses you.
The bat closely misses you. The bat hits you but does no damage.
The bat hits you but does no damage. The bat hits you.
* * * LOW HITPOINT WARNING * * *
The bat closely misses you. The bat hits you but does no damage. x2
The bat barely misses you.
The jackal bites you but does no damage.
The bat hits you but does no damage. The jackal barely misses you.
The bat barely misses you.
The jackal bites you but does no damage.
The bat hits you but does no damage.
There is a stone staircase leading down here.
You can't go up here!
The bat barely misses you. The jackal closely misses you. x2
The jackal bites you but does no damage.
The bat closely misses you.
You climb downwards.
The gnoll shouts!
Found a rapier.
There is a stone staircase leading up here.
The jackal bites you.
You die...

... )g. ...g
..... ##...
...
#####.###.##
#...@h......
#....h......
#....S......
#...........
#...........
............
#............
#............


You could see 2 gnolls, an adder (wandering) and 2 jackals.

Vanquished Creatures
  An endoplasm (D:1)
  4 hobgoblins (D:1)
  A kobold (D:1)
  4 ball pythons (D:1)
  A bat (D:1)
  2 rats (D:1)
13 creatures vanquished.

Notes
Turn   | Place    | Note
-------+----------+-------------------------------------------
     0 | D:1      | Cheeritup the Deep Elf Necromancer began the quest for the
                  | Orb.
     0 | D:1      | Reached XP level 1. HP: 10/10 MP: 6/6
   276 | D:1      | Found a faded altar of an unknown god.
   287 | D:1      | Learned a level 1 spell: Animate Skeleton
   358 | D:1      | Reached skill level 5 in Necromancy
   438 | D:1      | Reached XP level 2. HP: 9/15 MP: 2/8
   868 | D:2      | Slain by a jackal

Illustrated notes

Levels and vault maps discovered:
D:1:      saegor_arrival_simple_b, layout_basic, shapermc_ecumenical_altar_venn
D:2:      layout_rooms, hangedman_decor_peaks_small, kennysheep_flooded_box,
          grunt_decor_clamped

Skill      XL: |  1 |
---------------+----+-----
Necromancy     | 5 |  5.0
Dodging        | |  2.5
Stealth        | |  2.6
Spellcasting   | |  3.7

Action                   || total
-------------------------++-------
Melee: Staff             ||    11
       Unarmed           ||     1
 Cast: Pain              ||    18
 Stab: Sleeping          ||     1
Armor: Ring mail         ||    54
Dodge: Dodged            ||    46

Table legend: (Time is in decaauts)
 A = Elapsed time spent in this place.
 B = Non-inter-level travel time spent in this place.
 C = Inter-level travel time spent in this place.
 D = Time resting spent in this place.
 E = Time spent auto-exploring this place.
 F = Levels seen in this place.
 G = Mean time per level.
                   A        B        C        D        E       F      G
               +--------+--------+--------+--------+--------+-----+--------+
         Total |    869 |    869 |      0 |      0 |    751 |   2 |  434.5 |
       Dungeon |    869 |    869 |      0 |      0 |    751 |   2 |  434.5 |
               +--------+--------+--------+--------+--------+-----+--------+

Top non-repeatable levels by time:
     D:1: 868 daAuts
     D:2: 0 daAuts
